 Dungeon Crawl Stone Soup version 0.23.2-11-gf996548c65 (webtiles) character file.

Game seed: 2005584376985496798

579 H0rd4k the Cutter (level 7, -2/52 HPs)
             Began as a Human Artificer on June 5, 2019.
             Killed by divine providence
             ... invoked by an orc priest
              (12 damage)
             ... on level 5 of the Dungeon.
             The game lasted 00:05:58 (4229 turns).

H0rd4k the Cutter (Human Artificer)                 Turns: 4229, Time: 00:05:58

Health: -2/52      AC:  3    Str: 14    XL:     7   Next: 63%
Magic:  9/9        EV: 13    Int: 11    God:
Gold:   208        SH:  0    Dex: 14    Spells: 6/6 levels left

rFire    . . .     SeeInvis .   w - +0 whip (elec)
rCold    . . .     Gourm    .   (no shield)
rNeg     . . .     Faith    .   b - +0 leather armour
rPois    .         Spirit   .   (no helmet)
rElec    .         Reflect  .   (no cloak)
rCorr    .         Harm     .   (no gloves)
MR       .....                  (no boots)
Stlth    ++........             (no amulet)
HPRegen  0.17/turn              (no ring)
MPRegen  0.11/turn              (no ring)

@: no status effects
A: no striking features
a: no special abilities


You were on level 5 of the Dungeon.
You were hungry.

You visited 1 branch of the dungeon, and saw 5 of its levels.

You collected 208 gold pieces.

Inventory:

Hand Weapons
 a - a +0 short sword
 w - a +0 whip of electrocution (weapon)
Armour
 b - a +0 leather armour (worn)
 j - a +0 helmet
 t - a +0 cloak
 u - a +0 pair of boots
Wands
 c - a wand of flame (10)
 d - a wand of enslavement (15)
 e - a wand of random effects (12)
 B - a wand of disintegration (9)
Scrolls
 g - 7 scrolls of identify {unknown}
 h - 3 scrolls of remove curse {unknown}
 l - 4 scrolls of enchant armour {unknown}
 m - 3 scrolls of immolation {unknown}
 n - a scroll of noise {unknown}
 o - a scroll of fear {unknown}
 p - a scroll of blinking {unknown}
 s - 2 scrolls of teleportation {unknown}
 y - a scroll of random uselessness {unknown}
 A - a scroll of magic mapping {unknown}
 C - a scroll of acquirement {unknown}
Potions
 i - 2 potions of might {unknown}
 k - a potion of lignification {unknown}
 q - 2 potions of curing {unknown}
 r - a potion of flight {unknown}
 v - a potion of magic {unknown}
 x - 2 potions of heal wounds {unknown}
 z - 2 potions of ambrosia {unknown}
Comestibles
 f - 5 rations


   Skills:
 + Level 3.0 Fighting
 + Level 4.1 Short Blades
 + Level 1.0 Maces & Flails
 + Level 2.7 Armour
 + Level 3.6 Dodging
 + Level 2.3 Stealth
 + Level 3.9 Evocations


You had 6 spell levels left.
You didn't know any spells.
Your spell library was empty.

Dungeon Overview and Level Annotations

Branches:
Dungeon (5/15)
 Temple: D:4-7

Altars:
Hepliaklqana
Sif Muna
Yredelemnul

Annotations:
D:5 1 transporter


Message History

Aim: an orc, wielding a +0 mace and wearing a +0 ring mail Nothing appears to happen.
The orc priest looks encouraged for a moment.
Evoke which item? (* to show all) (? for menu, Esc to quit)
Aiming: Random Effects
Press: ? - help, Shift-Dir - straight line, f/p - orc
Aim: an orc, wielding a +0 mace and wearing a +0 ring mail Nothing appears to happen.
You are feeling hungry.
The orc priest calls down the wrath of Beogh upon you.
Beogh smites you!
* * * LOW HITPOINT WARNING * * *
Evoke which item? (* to show all) (? for menu, Esc to quit)
Aiming: Random Effects
Press: ? - help, Shift-Dir - straight line, f/p - orc
Aim: an orc, wielding a +0 mace and wearing a +0 ring mail Nothing appears to happen.
The orc priest mumbles some strange prayers to Beogh against you.
Beogh smites you!
You die...

#.#.#######..
##.#.......... #
#...####...... #. #...#
#### .. #...# ...© ###.
##.## #T #.... #..##
#.....#########...#..#
.....oo...@.....)...©#_
#....o#####.......#..#_
#.... #.###...##.#$[
#### #.# #.#.# .#8. #.#
..#.# ##. #.# .##.# ##
#.# . .# #.# #..


You could see an orc priest and 2 orcs.

Vanquished Creatures
  3 ogres
  A bullfrog (D:3)
  An orc priest (D:5)
  A bullfrog skeleton (D:4)
  2 orc wizards (D:4)
  6 adders
  A worm (D:3)
  3 dart slugs
  2 leopard geckos
  9 orcs
  4 giant cockroaches
  10 goblins
  9 hobgoblins
  10 jackals
  2 quokkas (D:2)
  2 ball pythons
  7 bats
  3 frilled lizards
  4 kobolds
  10 rats
90 creatures vanquished.

Notes
Turn   | Place    | Note
-------+----------+-------------------------------------------
     0 | D:1      | H0rd4k the Human Artificer began the quest for the Orb.
     0 | D:1      | Reached XP level 1. HP: 15/15 MP: 3/3
    61 | D:1      | Reached XP level 2. HP: 4/21 MP: 4/4
   633 | D:1      | Reached XP level 3. HP: 21/26 MP: 5/5
  1004 | D:2      | Reached skill level 1 in Armour
  1004 | D:2      | Reached XP level 4. HP: 15/32 MP: 6/6
  1366 | D:2      | Reached skill level 2 in Short Blades
  1904 | D:3      | Reached XP level 5. HP: 24/37 MP: 7/7
  2443 | D:3      | Noticed a bullfrog
  2448 | D:3      | Killed a bullfrog
  2452 | D:3      | Reached XP level 6. HP: 36/44 MP: 8/8
  3211 | D:4      | Noticed an ogre
  3215 | D:4      | Killed an ogre
  3215 | D:4      | Reached skill level 3 in Short Blades
  3416 | D:4      | Reached XP level 7. HP: 13/51 MP: 9/9
  4124 | D:5      | Entered Level 5 of the Dungeon
  4134 | D:5      | Found a hazy altar of Hepliaklqana.
  4169 | D:5      | Reached skill level 4 in Short Blades
  4178 | D:5      | Found a transporter.
  4179 | D:5      | Noticed a troll
  4196 | D:5      | Found a basalt altar of Yredelemnul.
  4196 | D:5      | Found a deep blue altar of Sif Muna.
  4223 | D:5      | Reached skill level 1 in Maces & Flails
  4229 | D:5      | Killed from afar by an orc priest

Skill      XL: |  1  2  3  4  5  6  7 |
---------------+----------------------+-----
Armour         | 1 2 |  2.7
Short Blades   | 2 3 4 |  4.1
Dodging        | 3 |  3.6
Fighting       | 2 3 |  3.0
Stealth        | 2 |  2.3
Maces & Flails | 1 |  1.0
Evocations     | |  3.9

Action                   |  1- 3 |  4- 6 |  7- 9 || total
-------------------------+-------+-------+-------++-------
Melee: Short sword       |   106 |   206 |       ||   312
       Whip              |       |    17 |    37 ||    54
Evoke: Wand              |     4 |    13 |     5 ||    22
 Stab: Sleeping          |     1 |     3 |       ||     4
  Eat: Chunk             |       |     5 |     2 ||     7
       Ration            |       |     1 |       ||     1
Armor: Leather armour    |    35 |    47 |     3 ||    85
Dodge: Dodged            |    84 |   137 |    19 ||   240
